 Dungeon Crawl Stone Soup version 0.31-a0-986-g5e6e4ef867 (webtiles) character file.

Game seed: 12446121340213821782

92 wildpjah the Firebug (level 4, -5/33 HPs)
             Began as a Draconian Fire Elementalist on Nov 21, 2023.
             Was an Initiate of Cheibriados.
             Slain by an ogre
             ... wielding a +0 giant spiked club
              (36 damage)
             ... on level 4 of the Dungeon.
             The game lasted 00:07:08 (3648 turns).

wildpjah the Firebug (Draconian Fire Elementalist)  Turns: 3648, Time: 00:07:08

Health: -5/33      AC:  5    Str: 15    XL:     4   Next: 35%
Magic:  8/8        EV: 12    Int: 16    God:    Cheibriados [......]
Gold:   132        SH:  0    Dex: 13    Spells: 7/8 levels left

rFire   . . .        s - +0 long sword
rCold   + . .        (no shield)
rNeg    . . .        (body armour unavailable)
rPois   +            (helmet restricted)
rElec   .            (no cloak)
rCorr   .            (no gloves)
SInv    .            (no boots)
Will    +....        d - amulet of the acrobat
Stlth   ++           g - ring of poison resistance
HPRegen 0.25/turn    l - ring of protection from cold
MPRegen 0.11/turn

%: acrobat
@: attractive, very slow
A: AC +5, unfitting armour, cold-blooded, strong-willed 1, strong 1, inability
to drink after injury 1, inability to read after injury 1
a: Renounce Religion


You were on level 4 of the Dungeon.
You worshipped Cheibriados.
Cheibriados was noncommittal.
You visited 1 branch of the dungeon, and saw 4 of its levels.

You collected 132 gold pieces.

Inventory:

Hand Weapons
 s - a +0 long sword (weapon)
Jewellery
 d - an amulet of the acrobat (around neck)
 g - a ring of poison resistance (left hand)
 l - a ring of protection from cold (right hand)
 m - a ring of see invisible
Scrolls
 b - a scroll of identify {unknown}
 e - a scroll of butterflies {unknown}
 f - a scroll of poison
 i - 2 scrolls of enchant armour
 j - a scroll of revelation {unknown}
 k - a scroll of acquirement {unknown}
 o - a scroll of teleportation {unknown}
 q - a scroll of immolation {unknown}
Potions
 a - a potion of magic
 c - 2 potions of attraction
 n - a potion of mutation
 r - a potion of curing {unknown}
 t - a potion of might {unknown}
 u - a potion of haste {unknown}


   Skills:
 + Level 0.1 Fighting
 + Level 1.9 Dodging
 + Level 1.8 Stealth
 + Level 0.1 Unarmed Combat
 + Level 2.9 Spellcasting
 + Level 2.1 Conjurations
 + Level 3.9 Fire Magic


You had 7 spell levels left.
You knew the following spells:

 Your Spells              Type           Power      Damage    Failure   Level
a - Foxfire               Conj/Fire      48%        2x1d6     5%          1

Your spell library contained the following spells:

 Spells                   Type           Power      Damage    Failure   Level
 Scorch                   Fire           30%        2d6       5%          2
 Shock                    Conj/Air       20%        1d4       12%         1
 Inner Flame              Hex/Fire       8%         N/A       26%         3
 Volatile Blastmotes      Fire/Tloc      16%        2d11      26%         3
 Ensorcelled Hibernation  Hex/Ice        4%         N/A       28%         2
 Passwall                 Tmut/Erth      1%         N/A       28%         2
 Flame Wave               Conj/Fire      12%        2d6       47%         4
 Swiftness                Air            2%         N/A       50%         3
 Airstrike                Air            1%         2d(1-17)  88%         4


Dungeon Overview and Level Annotations

Branches:
Dungeon (4/15)
 Temple: D:4-7

Altars:
Cheibriados
Elyvilon
Wu Jian
The Shining One

Shops:
D:3 (


Innate Abilities, Weirdness & Mutations

Your plain brown scales are hard. (AC +5)
You cannot fit into any form of body armour.
You are cold-blooded and may be slowed by cold attacks.
You are strong-willed. (Will+)
Your muscles are strong. (Str +4, Int/Dex -1)
You occasionally lose the ability to drink potions when taking damage.
You occasionally lose the ability to read scrolls when taking damage.


Message History

You aren't carrying any armour which can be enchanted further.
The air fills with toxic fumes!
As you read the scroll labelled OJUOTS AGOCIAWK, it crumbles to dust.
It was a scroll of poison.
Your foxfire dissipates!
You start resting.
You start resting.
Magic restored.
You open the door.
There is an open door here.
An ogre comes into view. It is wielding a +0 giant spiked club.
Okay, then.
Okay, then.
Unknown command.
Throw: 2 throwing nets
Press: ? - help, Shift-Dir - straight line, f - ogre
Aim: an ogre, wielding a +0 giant spiked club (71% to hit)
You throw a throwing net.
The throwing net barely misses the ogre.
Throw: throwing net
Press: ? - help, Shift-Dir - straight line, f/p - ogre
Aim: an ogre, wielding a +0 giant spiked club (71% to hit)
You throw a throwing net.
The throwing net barely misses the ogre.
The ogre hits you with a +0 giant spiked club!!
Ouch! That really hurt!
It was a potion of attraction.
You feel attractive to monsters.
It was a potion of heal wounds.
You feel much better.
The ogre hits you with a +0 giant spiked club.
It was a potion of mutation.
You feel extremely strange.
You occasionally lose the ability to read scrolls when taking damage.
You occasionally lose the ability to drink potions when taking damage.
You feel stronger.
You feel strong-willed. The ogre closely misses you.
You hit the ogre.
The ogre is lightly wounded.
The ogre hits you with a +0 giant spiked club!!!
Ouch! That really hurt!
You die...

#<........#
##.......##
##.....##
##...##
##'## #.#
###.#######
#.........#
#.....@.#.#
#.....#O#
.......##(#
#....#.##
.# #.......
.. ####.###
.# #. .# #
..


You could see an ogre.

Vanquished Creatures
  2 adders
  3 worms
  2 dart slugs (D:1)
  10 bats
  7 endoplasms
  A giant cockroach (D:1)
  6 goblins
  4 hobgoblins
  2 jackals (D:1)
  6 kobolds
  2 quokkas
  4 ball pythons
  4 frilled lizards
  6 rats
  A spectral hobgoblin (D:1)
60 creatures vanquished.

Vanquished Creatures (collateral kills)
  A foxfire (D:3)
1 creature vanquished.

Vanquished Creatures (others)
  185 foxfires
185 creatures vanquished.

Grand Total: 246 creatures vanquished

Notes
Turn   | Place    | Note
-------+----------+-------------------------------------------
     0 | D:1      | wildpjah the Draconian Fire Elementalist began the quest
                  | for the Orb.
     0 | D:1      | Reached XP level 1. HP: 14/14 MP: 3/3
    93 | D:1      | Found a faded altar of an unknown god.
   298 | D:1      | Reached XP level 2. HP: 19/19 MP: 1/5
  1343 | D:2      | Reached XP level 3. HP: 26/26 MP: 2/6
  2706 | D:3      | Reached XP level 4. HP: 33/33 MP: 2/8
  2795 | D:3      | Found an ornate altar of the Wu Jian Council.
  3079 | D:3      | Found a snail-covered altar of Cheibriados.
  3147 | D:3      | Became a worshipper of Cheibriados the Contemplative
  3410 | D:3      | Found a glowing golden altar of the Shining One.
  3442 | D:3      | Found a white marble altar of Elyvilon.
  3568 | D:3      | Found Inaecir's Weapon Boutique.
  3642 | D:4      | Noticed an ogre
  3647 | D:4      | Gained mutation: You occasionally lose the ability to read
                  | scrolls when taking damage. [potion of mutation]
  3647 | D:4      | Gained mutation: You occasionally lose the ability to drink
                  | potions when taking damage. [potion of mutation]
  3647 | D:4      | Gained mutation: Your muscles are strong. (Str +4, Int/Dex
                  | -1) [potion of mutation]
  3647 | D:4      | Gained mutation: You are strong-willed. (Will+) [potion of
                  | mutation]
  3648 | D:4      | Slain by an ogre

Illustrated notes

Levels and vault maps discovered:
D:1:      amcnicky_arrival_feature_with_door, layout_basic,
          dreamdust_ecumenical_altar_drowned_temple
D:2:      layout_loops_corners, st_stairs_14
D:3:      layout_basic, tso_oasis_becter, mainiacjoe_overflow_tiny_flanked,
          mainiacjoe_overflow_cross_hatched,
          mainiacjoe_overflow_six_doors_small, serial_shops,
          nicolae_shop_just_a_little_nook, roderic_batcave
D:4:      layout_loops_corners, overflow_temple_1_default, uniq_pikel,
          uniq_blork_the_orc, uniq_duvessa

Skill      XL: |  1  2  3  4 |
---------------+-------------+-----
Conjurations   | 2 |  2.1
Fighting       | |  0.1
Dodging        | |  1.9
Stealth        | |  1.8
Unarmed Combat | |  0.1
Spellcasting   | |  2.9
Fire Magic     | |  3.9

Action                     |  1- 3 |  4- 6 || total
---------------------------+-------+-------++-------
  Melee: Unarmed           |    30 |     2 ||    32
         Tailslap          |     4 |       ||     4
         Long sword        |       |     1 ||     1
  Throw: Throwing net      |       |     2 ||     2
   Cast: Foxfire           |    92 |    27 ||   119
    Use: Potion            |       |     3 ||     3
         Scroll            |       |     2 ||     2
 Armour: Skin              |    15 |     6 ||    21
  Dodge: Dodged            |    28 |     9 ||    37

Table legend: (Time is in decaauts)
 A = Elapsed time spent in this place.
 B = Non-inter-level travel time spent in this place.
 C = Inter-level travel time spent in this place.
 D = Time resting spent in this place.
 E = Time spent auto-exploring this place.
 F = Levels seen in this place.
 G = Mean time per level.
                   A        B        C        D        E       F      G
               +--------+--------+--------+--------+--------+-----+--------+
         Total |   3769 |   3691 |     78 |     12 |   3257 |   4 |  942.2 |
       Dungeon |   3769 |   3691 |     78 |     12 |   3257 |   4 |  942.2 |
               +--------+--------+--------+--------+--------+-----+--------+

Top non-repeatable levels by time:
     D:2: 1275 daAuts
     D:1: 1260 daAuts
     D:3: 1196 daAuts
     D:4: 37 daAuts
